 Dungeon Crawl Stone Soup version 0.29-a0-519-g90894fa (webtiles) character file.

Game seed: 5955338471178118966

682 Toastz the Cleaver (level 7, -1/64 HPs)
             Began as a Hill Orc Fighter on May 30, 2022.
             Was an Initiate of Yredelemnul.
             Slain by Pikel
             ... wielding a +2 whip of flaming
              (5 damage)
             ... on level 5 of the Dungeon.
             The game lasted 00:08:21 (5762 turns).

Toastz the Cleaver (Hill Orc Fighter)               Turns: 5762, Time: 00:08:22

Health: -1/64      AC: 11    Str: 21    XL:     7   Next: 61%
Magic:  7/7        EV:  9    Int:  8    God:    Yredelemnul [......]
Gold:   158        SH:  4    Dex: 10    Spells: 6/6 levels left

rFire   . . .      SeeInvis .   a - +0 war axe
rCold   . . .      Faith    .   c - +0 buckler
rNeg    . . .      Spirit   .   b - +0 scale mail
rPois   .          Reflect  .   C - +1 helmet
rElec   .          Harm     .   k - +1 cloak
rCorr   .          Rampage  .   (no gloves)
Will    .....                   (no boots)
Stlth   ..........              (no amulet)
HPRegen 0.20/turn               (no ring)
MPRegen 0.10/turn               (no ring)

@: no status effects
A: no striking features
a: Renounce Religion, Recall Undead Harvest


You were on level 5 of the Dungeon.
You worshipped Yredelemnul.
Yredelemnul was noncommittal.
You visited 2 branches of the dungeon, and saw 6 of its levels.

You collected 158 gold pieces.

Inventory:

Hand Weapons
 a - a +0 war axe (weapon)
Missiles
 p - 131 stones
 q - 5 poisoned darts
 w - a throwing net
 y - 8 boomerangs (quivered)
Armour
 b - a +0 scale mail (worn)
 c - a +0 buckler (worn)
 k - a +1 cloak (worn)
 v - a +0 plate armour
 B - a +0 kite shield
 C - a +1 helmet (worn)
Scrolls
 g - 3 scrolls of poison
 h - 2 scrolls of immolation
 i - 2 scrolls of teleportation
 l - a scroll of fear {unknown}
 r - a scroll of identify
 s - a scroll of noise {unknown}
 u - 2 scrolls of blinking
 x - 4 scrolls of enchant weapon {unknown}
 A - a scroll of amnesia {unknown}
Potions
 d - a potion of might
 e - a potion of ambrosia {unknown}
 f - 2 potions of mutation {unknown}
 j - a potion of attraction {unknown}
 m - a potion of brilliance
 n - a potion of curing {unknown}
 o - a potion of flight {unknown}
 t - 2 potions of cancellation


   Skills:
 + Level 6.5 Fighting
 * Level 8.9 Axes
 - Level 3.2 Armour
 + Level 3.8 Shields


You had 6 spell levels left.
You didn't know any spells.
Your spell library contained the following spells:

 Spells                   Type           Power      Damage    Failure   Level
 Ensorcelled Hibernation  Hex/Ice        0%         N/A       93%         2
 Portal Projectile        Hex/Tloc       0%         N/A       99%         3
 Spider Form              Tmut/Pois      0%         N/A       99%         3
 Tukima's Dance           Hex            0%         N/A       99%         3
 Anguish                  Hex/Necr       0%         N/A       100%        4
 Blade Hands              Tmut           0%         N/A       100%        5


Dungeon Overview and Level Annotations

Branches:
Dungeon (5/15)             Temple (1/1) D:4

Altars:
Ashenzari
Cheibriados
Dithmenos
Elyvilon
Fedhas
Gozag
Hepliaklqana
Kikubaaqudgha
Makhleb
Okawaru
Qazlal
Ru
Sif Muna
Trog
Uskayaw
Vehumet
Wu Jian
Xom
Yredelemnul
Zin
The Shining One

Annotations:
D:5 Pikel


Message History

The lemure hits you.
Pikel hits you with a +2 whip of flaming.
* * * LOW HITPOINT WARNING * * *
Pikel burns you.
* * * LOW HITPOINT WARNING * * *
The lemure hits you.
* * * LOW HITPOINT WARNING * * *
The lemure barely misses you. The lemure closely misses you.
You barely miss Pikel.
Pikel is almost dead.
You barely miss the lemure. You slash the lemure!
You kill the lemure!
That felt strangely unrewarding.
You slash the lemure!
You kill the lemure!
That felt strangely unrewarding.
You barely miss the lemure. The lemure hits you.
* * * LOW HITPOINT WARNING * * *
The lemure closely misses you.
Pikel says, "You'll make a fine lemure."
Pikel hits you with a +2 whip of flaming.
* * * LOW HITPOINT WARNING * * *
Pikel burns you.
* * * LOW HITPOINT WARNING * * *
You hit Pikel but do no damage.
Pikel is almost dead.
You closely miss the lemure. You slash the lemure!
You block the lemure's attack.
Pikel says, "Asmodeus and me are pals.
He gave me this whip."
Pikel hits you with a +2 whip of flaming.
* * * LOW HITPOINT WARNING * * *
Pikel burns you.
* * * LOW HITPOINT WARNING * * *
The lemure hits you but does no damage.
You barely miss Pikel.
Pikel is almost dead.
You hit the lemure but do no damage. You slash the lemure! The lemure hits you.
* * * LOW HITPOINT WARNING * * *
Pikel hits you with a +2 whip of flaming.
You die...
Your body rises from the dead as a mindless zombie.

.##....###..........
....................
#...####............
#..######....#......
#..##Z##.....##.....
..####....#.#Z[....##....
........####........#....
..........##............
. .#####.5@.......>....
##. ##.K#5...........
#... #...#..#.........
.....####....##........
.............##..#.....
......................#
#...####......... ##.
#.........#
#......###....#


You could see Pikel and 2 lemures.

Vanquished Creatures
  Grinder (D:3)
  2 lemures (D:5)
  A phantom (D:5)
  Blork the orc (D:4)
  A scorpion (D:5)
  An orc priest (D:4)
  An orc wizard (D:3)
  3 gnolls (D:3)
  7 adders
  6 worms
  2 dart slugs
  18 orcs
  4 bats
  7 endoplasms
  3 giant cockroaches
  12 hobgoblins
  4 jackals (D:2)
  7 kobolds
  5 quokkas
  12 ball pythons
  4 frilled lizards
  7 goblins
  5 rats
114 creatures vanquished.

Vanquished Creatures (others)
  An adder zombie (D:5)
1 creature vanquished.

Grand Total: 115 creatures vanquished

Notes
Turn   | Place    | Note
-------+----------+-------------------------------------------
     0 | D:1      | Toastz the Hill Orc Fighter began the quest for the Orb.
     0 | D:1      | Reached XP level 1. HP: 19/19 MP: 1/1
    46 | D:1      | Reached skill level 3 in Axes
    91 | D:1      | Reached XP level 2. HP: 27/27 MP: 2/2
   224 | D:1      | Reached skill level 4 in Axes
   325 | D:1      | Reached XP level 3. HP: 29/33 MP: 3/3
  1297 | D:2      | Found a shimmering blue altar of Sif Muna.
  1461 | D:2      | Reached XP level 4. HP: 40/41 MP: 4/4
  1584 | D:2      | Reached skill level 5 in Axes
  2649 | D:3      | Reached XP level 5. HP: 47/47 MP: 5/5
  2663 | D:3      | Noticed Grinder
  2694 | D:3      | Killed Grinder
  2695 | D:3      | Reached skill level 5 in Fighting
  2695 | D:3      | Reached skill level 7 in Axes
  2695 | D:3      | Reached XP level 6. HP: 25/56 MP: 6/6
  3242 | D:3      | Found a faded altar of an unknown god.
  3384 | D:4      | Noticed Blork the orc
  3392 | D:4      | Killed Blork the orc
  3585 | D:3      | Reached skill level 8 in Axes
  3585 | D:3      | Reached XP level 7. HP: 54/63 MP: 7/7
  4218 | D:4      | Found a staircase to the Ecumenical Temple.
  4356 | Temple   | Entered the Ecumenical Temple
  4577 | Temple   | Became a worshipper of Yredelemnul the Dark
  5061 | D:4      | Reached * piety under Yredelemnul
  5579 | D:5      | Entered Level 5 of the Dungeon
  5736 | D:5      | Noticed Pikel
  5762 | D:5      | Slain by Pikel

Illustrated notes

Levels and vault maps discovered:
D:1:      dpeg_arrival_yet_another_circle, layout_rooms, minmay_tiny_reverse_x
D:2:      layout_loops_corners, serial_rivers, chequers_serial_rivers_room_b,
          chequers_serial_rivers_micro_d, chequers_serial_rivers_micro_a,
          chequers_serial_rivers_room_b, basic_altar, minmay_quantized
D:3:      layout_basic, hellmonk_ecumenical_altar_arch_garden, st_stairs_3,
          uniq_grinder
D:4:      layout_layer_cave, minmay_temple_entry_trees, moated_statue,
          uniq_blork_the_orc
D:5:      layout_layer_cave, uniq_eustachio, uniq_pikel
Temple:   mainiacjoe_temple_archimedes_tessellation

Skill      XL: |  1  2  3  4  5  6 |
---------------+-------------------+-----
Axes           | 3 4 5 7 8 |  8.9
Fighting       | 4 5 6 |  6.5
Armour         | |  3.2
Shields        | |  3.8

Action                   |  1- 3 |  4- 6 |  7- 9 || total
-------------------------+-------+-------+-------++-------
Melee: War axe           |   102 |   119 |   103 ||   324
Throw: Stone             |    28 |     7 |       ||    35
       Dart              |       |     5 |       ||     5
       Throwing net      |       |     1 |       ||     1
       Boomerang         |       |     7 |     9 ||    16
  Use: Scroll            |       |     4 |     5 ||     9
 Stab: Distracted        |       |       |     1 ||     1
Armor: Scale mail        |    34 |    58 |    44 ||   136
Dodge: Dodged            |    37 |    47 |    36 ||   120
Block: Buckler           |    17 |    26 |    31 ||    74

Table legend: (Time is in decaauts)
 A = Elapsed time spent in this place.
 B = Non-inter-level travel time spent in this place.
 C = Inter-level travel time spent in this place.
 D = Time resting spent in this place.
 E = Time spent auto-exploring this place.
 F = Levels seen in this place.
 G = Mean time per level.
                   A        B        C        D        E       F      G
               +--------+--------+--------+--------+--------+-----+--------+
         Total |   6255 |   5937 |    318 |    810 |   4235 |   6 | 1042.5 |
       Dungeon |   6004 |   5736 |    268 |    810 |   4055 |   5 | 1200.8 |
        Temple |    251 |    201 |     50 |      0 |    180 |   1 |  251.0 |
               +--------+--------+--------+--------+--------+-----+--------+

Top non-repeatable levels by time:
     D:4: 2223 daAuts
     D:2: 1567 daAuts
     D:3: 1475 daAuts
     D:1: 554 daAuts
  Temple: 251 daAuts
     D:5: 183 daAuts
